 Dungeon Crawl Stone Soup version 0.30-a0-760-g5a9884bb7c (webtiles) character file.

Game seed: 15589826190844343474

73 Mickster the Covered (level 3, 0/31 HPs)
             Began as a Demigod Fighter on Feb 11, 2023.
             Killed from afar by Natasha (3 damage)
             ... with a magic dart
             ... on level 2 of the Dungeon on Feb 12, 2023.
             The game lasted 00:13:49 (1089 turns).

Mickster the Covered (Demigod Fighter)              Turns: 1089, Time: 00:13:49

Health: 0/31       AC:  7    Str: 21    XL:     3   Next: 83%
Magic:  5/5        EV:  9    Int: 10    God:
Gold:   98         SH:  4    Dex: 13    Spells: 2/2 levels left

rFire   . . .      SeeInvis .    a - +1 war axe
rCold   . . .      Faith    .    c - +0 buckler
rNeg    . . .      Spirit   .    b - +1 scale mail
rPois   .          Reflect  .    (no helmet)
rElec   .          Harm     .    j - scarf {+Inv}
rCorr   .          Rampage  .    (no gloves)
Will    .....                    (no boots) Stlth
                                 (no amulet)
HPRegen 0.25/turn                (no ring)
MPRegen 0.09/turn                (no ring)

@: no status effects
A: high MP 1, forlorn, divine attributes
a: Evoke Invisibility


You were on level 2 of the Dungeon.
You visited 1 branch of the dungeon, and saw 2 of its levels.

You collected 98 gold pieces.

Inventory:

Hand Weapons
 a - a +1 war axe (weapon)
 i - a +0 spear
Missiles
 f - 24 stones (quivered)
Armour
 b - a +1 scale mail (worn)
 c - a +0 buckler (worn)
 j - a scarf of invisibility (worn)
Wands
 h - a wand of roots (8)
Scrolls
 e - 2 scrolls of enchant armour
 g - a scroll of magic mapping


   Skills:
 + Level 3.1 Fighting
 + Level 2.4 Axes
 + Level 3.3 Armour
 + Level 3.2 Shields


You had 2 spell levels left.
You didn't know any spells.
Your spell library contained the following spells:

 Spells                   Type           Power      Damage    Failure   Level
 Kiss of Death            Conj/Necr      0%         2d5       80%         1
 Call Canine Familiar     Summ           0%         N/A       99%         3
 Portal Projectile        Hex/Tloc       0%         N/A       99%         3
 Leda's Liquefaction      Hex/Erth       0%         N/A       100%        4


Dungeon Overview and Level Annotations

Branches:
Dungeon (2/15)

Annotations:
D:2 Natasha


Innate Abilities, Weirdness & Mutations

You have an increased reservoir of magic. (+10% MP)
You shall have no god before yourself.
Your divine heritage dramatically boosts your attributes as you level up.


Message History

You open the door.
There is an open door here.
Natasha, Servant of Life and Death comes into view.
Natasha stares at you and mumbles some strange words.
The magic dart hits you.
Natasha claws the fungus!
The fungus begins to die.
Natasha claws the fungus.
Natasha mumbles some strange words.
You feel disoriented.
Natasha claws the fungus.
Natasha mumbles some strange words.
A nearby fungus withers and dies.
The white imp hits you but does no damage.
Natasha claws you.
The white imp hits you but does no damage.
You closely miss Natasha. You barely miss the white imp. Natasha claws you.
The white imp gestures at you. The puff of frost hits you!
You block Natasha's attack.
You closely miss Natasha. You slash the white imp!
The white imp gestures at you. The puff of frost misses you.
Natasha barely misses you.
You hit Natasha but do no damage. You closely miss the white imp.
The white imp hits you. The white imp freezes you.
* * * LOW HITPOINT WARNING * * *
Natasha stares at you and mumbles some strange words.
You resist with some effort.
The white imp hits you but does no damage.
You block Natasha's attack.
You hit Natasha but do no damage. You closely miss the white imp.
The white imp gestures at you. The puff of frost hits you.
* * * LOW HITPOINT WARNING * * *
Natasha claws you but does no damage.
You slash the white imp!
You kill the white imp!
The white imp disappears in a puff of smoke!
You barely miss Natasha.
Natasha stares at you and mumbles some strange words.
The magic dart hits you.
You die...

*,*****#...* #.......#,,,,
*,,,,,,..#.### #.......#****
***##**#.#...# #..###### ###
*,..# #.#*#.########..# #.. ,,#.#
#.###.......##..# #.# *,#.#
#.##...##...##..# #.# *,#.#
##.#...#......#..########.# ###.#
#.....#.##^........<....... ....#
#....#.#.h@...)>...######.# #...#
#...#h#.##ยง........# #.#
#...####'.#.#.#..........# #.#
'.........#.#,#_.........######.#
#<........#.#,#..............##.#
##........#.#.##^............##.#
##...#.....#.#..^.######.....##.#
######......#.##^.# #.....##.# #
#.......#....# #.....##.#


You could see Natasha.

Vanquished Creatures
  Natasha (twice) (D:2)
  An adder (D:2)
  A dart slug (D:2)
  2 giant cockroaches
  2 hobgoblins (D:2)
  A kobold (D:2)
  A quokka (D:2)
  2 ball pythons
12 creatures vanquished.

Vanquished Creatures (others)
  A fungus (D:2)
  A plant (D:2)
2 creatures vanquished.

Grand Total: 14 creatures vanquished

Notes
Turn   | Place    | Note
-------+----------+-------------------------------------------
     0 | D:1      | Mickster the Demigod Fighter began the quest for the Orb.
     0 | D:1      | Reached XP level 1. HP: 18/18 MP: 3/3
   463 | D:2      | Got Plato's Book of the Salvo
   768 | D:2      | Noticed Natasha
   776 | D:2      | Noticed an iron imp
   783 | D:2      | Killed Natasha
   784 | D:2      | Reached XP level 2. HP: 11/26 MP: 4/4
   786 | D:2      | Reached XP level 3. HP: 14/31 MP: 5/5
   803 | D:2      | Noticed Natasha
   822 | D:2      | Killed Natasha
  1075 | D:2      | Noticed Natasha
  1089 | D:2      | Killed from afar by Natasha

Illustrated notes

Levels and vault maps discovered:
D:1:      evilmike_arrival_crescent, layout_loops_cross
D:2:      layout_basic, shapermc_ecumenical_altar_rom_forum, uniq_natasha

Skill      XL: |  1 |
---------------+----+-----
Fighting       | 3 |  3.1
Axes           | 2 |  2.4
Armour         | 3 |  3.3
Shields        | 3 |  3.2

Action                     || total
---------------------------++-------
  Melee: War axe           ||    56
    Use: Scroll            ||     7
         Potion            ||     3
 Armour: Scale mail        ||    22
  Dodge: Dodged            ||    21
  Block: Buckler           ||    11

Table legend: (Time is in decaauts)
 A = Elapsed time spent in this place.
 B = Non-inter-level travel time spent in this place.
 C = Inter-level travel time spent in this place.
 D = Time resting spent in this place.
 E = Time spent auto-exploring this place.
 F = Levels seen in this place.
 G = Mean time per level.
                   A        B        C        D        E       F      G
               +--------+--------+--------+--------+--------+-----+--------+
         Total |   1100 |   1078 |     22 |    104 |      0 |   2 |  550.0 |
       Dungeon |   1100 |   1078 |     22 |    104 |      0 |   2 |  550.0 |
               +--------+--------+--------+--------+--------+-----+--------+

Top non-repeatable levels by time:
     D:2: 737 daAuts
     D:1: 363 daAuts
